 Dungeon Crawl Stone Soup version 0.30.0-29-ga12c61a403 (webtiles) character file.

Game seed: 2915283858806037316

179 Graphine the Ducker (level 5, -2/41 HPs)
             Began as a Merfolk Gladiator on June 21, 2023.
             Slain by an orc
             ... wielding a +0 whip
              (4 damage)
             ... on level 4 of the Dungeon.
             The game lasted 00:03:23 (2693 turns).

Graphine the Ducker (Merfolk Gladiator)             Turns: 2693, Time: 00:03:23

Health: -2/41      AC:  4    Str: 14    XL:     5   Next: 59%
Magic:  6/6        EV: 14    Int:  7    God:
Gold:   139        SH:  0    Dex: 18    Spells: 4/4 levels left

rFire   . . .        a - +0 long sword
rCold   . . .        (no shield)
rNeg    . . .        b - +0 leather armour
rPois   .            c - +0 helmet
rElec   .            (no cloak)
rCorr   .            (no gloves)
SInv    .            (no boots)
Will    .....        (no amulet)
Stlth   ++           (no ring)
HPRegen 0.26/turn    (no ring)
MPRegen 0.10/turn

%: no passive effects
@: no status effects
A: (nimble swimmer 2), mertail
a: no special abilities


You were on level 4 of the Dungeon.
You visited 1 branch of the dungeon, and saw 4 of its levels.

You collected 139 gold pieces.

Inventory:

Hand Weapons
 a - a +0 long sword (weapon)
Missiles
 d - 3 throwing nets (quivered)
 e - 5 javelins
Armour
 b - a +0 leather armour (worn)
 c - a +0 helmet (worn)
Scrolls
 f - a scroll of amnesia
 l - a scroll of teleportation
Potions
 g - 2 potions of resistance
 h - a potion of mutation {unknown}
 i - 2 potions of invisibility
 j - a potion of degeneration {unknown}
 k - 3 potions of curing


   Skills:
 * Level 3.4 Fighting
 * Level 4.6 Long Blades
 + Level 2.7 Throwing
 * Level 5.2 Dodging
 + Level 1.6 Stealth
 + Level 1.4 Invocations


You had 4 spell levels left.
You didn't know any spells.
Your spell library contained the following spells:

 Spells                   Type           Power      Damage    Failure   Level
 Sublimation of Blood     Necr           0%         N/A       65%         2
 Wereblood                Tmut           0%         N/A       65%         2
 Summon Hydra             Summ           0%         N/A       100%        7


Dungeon Overview and Level Annotations

Branches:
Dungeon (4/15)
 Temple: D:4-7

Altars:
Ru
Vehumet


Innate Abilities, Weirdness & Mutations

((You are very nimble when in or above water. (Stealth+, EV+, Speed+++)))
Your lower body shifts to a powerful aquatic tail in water.


Message History

The orc is moderately wounded.
You feel sick. The orc barely misses you.
The orc wizard hits you with a +1 dagger of venom.
You are more poisoned.
You slash the orc wizard!
You kill the orc wizard!
You feel very sick. The orc misses you.
You hit the orc.
The orc is heavily wounded.
You feel sick. The orc barely misses you.
You closely miss the orc.
The orc is heavily wounded.
You feel sick.
You feel sick. The orc hits you but does no damage. The orc closely misses you.
The orc misses you.
There is an open door, spattered with blood here.
Things that are here:
a +0 hand axe; an orc corpse You hit the orc but do no damage.
The orc is heavily wounded.
You feel sick. The orc hits you but does no damage.
The orc closely misses you. x2
The orc hits you with a +0 club.
* * * LOW HITPOINT WARNING * * *
The orc hits you but does no damage. x2
You hit the orc.
The orc is severely wounded.
You feel sick. The orc hits you with a +0 club.
* * * LOW HITPOINT WARNING * * *
The orc hits you but does no damage. x2
You hit the orc but do no damage.
The orc is severely wounded.
You feel sick.
You are no longer poisoned.
The orc hits you with a +0 club.
* * * LOW HITPOINT WARNING * * *
The orc hits you with a +0 dagger.
* * * LOW HITPOINT WARNING * * *
The orc hits you with a +0 whip.
You die...

..............+
.......######.....#
.......#....'.....#
.......#....#........
#......#....#........
#......#....#........
#......#....#........
#.....o#....#........
#.....o@o...#........
#......#....#.....##
.......#....#
.#######....# ######


You could see 3 orcs.

Vanquished Creatures
  An orc priest (D:4)
  An orc wizard (D:4)
  6 adders
  2 dart slugs
  An orc (D:3)
  5 ball pythons
  4 endoplasms
  5 giant cockroaches
  8 hobgoblins
  4 jackals (D:1)
  A quokka (D:1)
  2 bats (D:2)
  4 frilled lizards (D:3)
  11 goblins
  5 kobolds
  3 rats
63 creatures vanquished.

Notes
Turn   | Place    | Note
-------+----------+-------------------------------------------
     0 | D:1      | Graphine the Merfolk Gladiator began the quest for the Orb.
     0 | D:1      | Reached XP level 1. HP: 16/16 MP: 1/1
   155 | D:1      | Reached XP level 2. HP: 23/23 MP: 2/2
   788 | D:2      | Reached XP level 3. HP: 27/28 MP: 3/3
  1226 | D:2      | Identified the +1 spear of Rubbish {pain, Int+4}
  1708 | D:3      | Reached skill level 1 in Invocations
  1708 | D:3      | Reached XP level 4. HP: 29/34 MP: 4/4
  1775 | D:3      | Found a faded altar of an unknown god.
  1831 | D:3      | Found a sacrificial altar of Ru.
  1909 | D:3      | Reached skill level 1 in Stealth
  2162 | D:3      | Found a radiant altar of Vehumet.
  2459 | D:3      | Reached skill level 5 in Dodging
  2499 | D:3      | Reached XP level 5. HP: 38/41 MP: 5/5
  2693 | D:4      | HP: 2/41 [orc/+0 dagger (4)]
  2693 | D:4      | Slain by an orc

Illustrated notes

Levels and vault maps discovered:
D:1:      dpeg_arrival_pits, layout_basic, minmay_fountain_box
D:2:      layout_basic, serial_bayou, serial_bayou_shore_b,
          serial_bayou_shore_a, serial_bayou_shore_b, serial_bayou_pond_c,
          serial_park_tiny_2
D:3:      cheibrodos_greedy_goblins, layout_basic,
          nicolae_overflow_ecumenical_swirl, mainiacjoe_overflow_alcove_1
D:4:      layout_gridville, eat_drink_and_be_merry_uskayaw, uniq_pargi,
          uniq_pikel

Skill      XL: |  1  2  3  4 |
---------------+-------------+-----
Long Blades    | 4 |  4.6
Invocations    | 1 |  1.4
Stealth        | 1 |  1.6
Fighting       | 3 |  3.4
Dodging        | 5 |  5.2
Throwing       | |  2.7

Action                     |  1- 3 |  4- 6 || total
---------------------------+-------+-------++-------
  Melee: Long sword        |    81 |   109 ||   190
    Use: Scroll            |     7 |       ||     7
   Stab: Sleeping          |     3 |     1 ||     4
 Armour: Leather armour    |    22 |    29 ||    51
  Dodge: Dodged            |    63 |    82 ||   145
